 Dungeon Crawl Stone Soup version 0.29-a0-397-g846e4a0bbc (webtiles) character file.

Game seed: 6975828824383573474

84 Bruhh the Insei (level 4, 0/32 HPs)
             Began as a Merfolk Transmuter on May 12, 2022.
             Slain by a gnoll
             ... wielding a +0 club
              (5 damage)
             ... on level 3 of the Dungeon.
             The game lasted 00:02:46 (2707 turns).

Bruhh the Insei (Merfolk Transmuter)                Turns: 2707, Time: 00:02:46

Health: 0/32       AC:  2    Str: 10    XL:     4   Next: 45%
Magic:  3/7        EV: 20    Int: 14    God:
Gold:   100        SH:  0    Dex: 19    Spells: 1/7 levels left

rFire   . . .      SeeInvis .     - Unarmed
rCold   . . .      Faith    .   (shield currently unavailable)
rNeg    . . .      Spirit   .   (body armour currently unavailable)
rPois   x          Reflect  .   (helmet currently unavailable)
rElec   .          Harm     .   (cloak currently unavailable)
rCorr   .          Rampage  .   (gloves currently unavailable)
Will    .....                   (boots currently unavailable)
Stlth   ++........              (no amulet)
HPRegen 0.10/turn               k - ring of wizardry
MPRegen 0.10/turn               (no ring)

@: mighty, lethally poisoned (0 -> -4), spider-form
A: venomous fangs, tiny, (nimble swimmer 2), (mertail)
a: End Transformation


You were on level 3 of the Dungeon.
You were a venomous arachnid creature.
You visited 1 branch of the dungeon, and saw 3 of its levels.

You collected 100 gold pieces.

Inventory:

Armour
 a - a +0 robe (melded)
 i - a +0 helmet
Jewellery
 k - a ring of wizardry (left front leg)
Scrolls
 d - 5 scrolls of identify {unknown}
 e - a scroll of teleportation {unknown}
 f - a scroll of blinking {unknown}
 g - a scroll of enchant armour {unknown}
 h - a scroll of enchant weapon {unknown}
 l - a scroll of fear {unknown}
Potions
 b - a potion of lignification


   Skills:
 - Level 1.1 Fighting
 - Level 2.6 Dodging
 + Level 4.6 Unarmed Combat
 - Level 2.0 Spellcasting
 + Level 4.6 Transmutations


You had one spell level left.
You knew the following spells:

 Your Spells              Type           Power      Damage    Failure   Level
a - Beastly Appendage     Tmut           28%        N/A       4%          1
b - Spider Form           Tmut/Pois      7%         N/A       21%         3
c - Wereblood             Tmut           14%        N/A       6%          2

Your spell library contained the following spells:

 Spells                   Type           Power      Damage    Failure   Level
 Sublimation of Blood     Necr           1%         N/A       26%         2
 Ice Form                 Ice/Tmut       7%         N/A       50%         4
 Petrify                  Tmut/Erth      7%         N/A       50%         4
 Irradiate                Conj/Tmut      3%         3d14      80%         5


Dungeon Overview and Level Annotations

Branches:
Dungeon (3/15)

Altars:
Gozag
Trog
Zin


Innate Abilities, Weirdness & Mutations

You are a venomous arachnid creature.
You have poisonous fangs.
You are tiny and dextrous.
Your spellcasting is less reliable in this form.
Your armour is entirely melded.
You are incapable of wielding weapons or throwing items.
((You are very nimble when in or above water. (Stealth+, EV+, Speed+++)))
((Your lower body shifts to a powerful aquatic tail in water.))


Message History

You barely miss the gnoll.
The gnoll is severely wounded.
Your transformation has ended.
Your +0 robe unmelds from your body.
You feel very sick. The gnoll closely misses you.
You are too injured to fight recklessly!
You are too injured to fight recklessly!
Unknown command.
It was a potion of might.
You feel very mighty all of a sudden.
You feel very sick. The gnoll completely misses you.
You feel much better.
You feel very sick.
You kill the gnoll!
You closely miss the gnoll.
You feel very sick. The gnoll hits you with a +0 club.
You hit the gnoll.
The gnoll is lightly wounded.
You feel sick. The gnoll barely misses you.
You hit the gnoll.
The gnoll is heavily wounded.
You feel sick. The gnoll closely misses you.
You barely miss the gnoll.
The gnoll is heavily wounded.
You feel sick.
You barely miss the gnoll.
The gnoll is heavily wounded.
You feel sick. The gnoll hits you with a +0 club!
* * * LOW HITPOINT WARNING * * *
Casting: Spider Form (quite dangerous; 11% risk of failure)
Confirm with . or Enter, or press ? or * to list all spells.
The spell is quite dangerous to miscast (11% risk of failure)!
Continue anyway?
You turn into a venomous arachnid creature.
Your +0 robe melds into your body.
* * * LOW HITPOINT WARNING * * *
You feel sick. The gnoll hits you with a +0 club.
You die...

...... ..... ....
...... ... .....
##.. #..<## #..
#.... #g# #...# #s#
###...#######)#
#..........>..#
#.#..#######..####..
####.##.# #........
≈≈≈≈....# #.######.
..≈≈≈≈..# #..#
##.#≈≈≈<# #.)# ..
##≈#.# #..#


You could see a gnoll.

Vanquished Creatures
  2 gnolls (D:3)
  An adder (D:2)
  A worm (D:2)
  A dart slug (D:2)
  6 ball pythons
  4 endoplasms
  A giant cockroach (D:1)
  2 goblins (D:1)
  7 hobgoblins
  6 jackals
  4 kobolds
  A quokka (D:2)
  2 bats
  6 frilled lizards
  2 rats
46 creatures vanquished.

Vanquished Creatures (others)
  9 plants (D:3)
9 creatures vanquished.

Grand Total: 55 creatures vanquished

Notes
Turn   | Place    | Note
-------+----------+-------------------------------------------
     0 | D:1      | Bruhh the Merfolk Transmuter began the quest for the Orb.
     0 | D:1      | Reached XP level 1. HP: 15/15 MP: 3/3
   225 | D:1      | Reached XP level 2. HP: 14/21 MP: 3/5
  1360 | D:1      | Reached XP level 3. HP: 26/26 MP: 6/6
  1990 | D:2      | Identified the +1 ring mail "Urekomal" {rN+ Dex+4}
  2190 | D:2      | Found a glowing silver altar of Zin.
  2221 | D:2      | Learned a level 3 spell: Spider Form
  2224 | D:2      | Learned a level 2 spell: Wereblood
  2292 | D:2      | Reached XP level 4. HP: 32/32 MP: 5/7
  2617 | D:3      | Found a bloodstained altar of Trog.
  2626 | D:3      | Found an opulent altar of Gozag.
  2707 | D:3      | Slain by a gnoll

Illustrated notes

Levels and vault maps discovered:
D:1:      evilmike_arrival_hilbert_curve, layout_loops_corners,
          minmay_surrounded
D:2:      layout_basic, basic_altar
D:3:      layout_loops_cross, mainiacjoe_overflow_large_starburst,
          serial_rivers, chequers_serial_rivers_micro_c,
          chequers_serial_rivers_small_a, chequers_serial_rivers_large_b,
          chequers_serial_rivers_marsh, chequers_serial_rivers_micro_c,
          chequers_ecumenical_altar_twisty, nicolae_grassy_gnolls

Skill      XL: |  1  2  3 |
---------------+----------+-----
Transmutations | 3 4 |  4.6
Unarmed Combat | 4 |  4.6
Fighting       | |  1.1
Dodging        | |  2.6
Spellcasting   | |  2.0

Action                   |  1- 3 |  4- 6 || total
-------------------------+-------+-------++-------
Melee: Unarmed           |   111 |    22 ||   133
       Headbutt          |     6 |     1 ||     7
       Punch             |     6 |       ||     6
 Cast: Beastly Appendage |    23 |     4 ||    27
       Spider Form       |       |     2 ||     2
  Use: Potion            |     2 |     2 ||     4
 Stab: Sleeping          |     1 |     1 ||     2
Armor: Robe              |    24 |       ||    24
       Skin              |     5 |       ||     5
Dodge: Dodged            |    76 |    14 ||    90

Table legend: (Time is in decaauts)
 A = Elapsed time spent in this place.
 B = Non-inter-level travel time spent in this place.
 C = Inter-level travel time spent in this place.
 D = Time resting spent in this place.
 E = Time spent auto-exploring this place.
 F = Levels seen in this place.
 G = Mean time per level.
                   A        B        C        D        E       F      G
               +--------+--------+--------+--------+--------+-----+--------+
         Total |   2692 |   2640 |     52 |     32 |   2264 |   3 |  897.3 |
       Dungeon |   2692 |   2640 |     52 |     32 |   2264 |   3 |  897.3 |
               +--------+--------+--------+--------+--------+-----+--------+

Top non-repeatable levels by time:
     D:1: 1648 daAuts
     D:2: 911 daAuts
     D:3: 132 daAuts
